 Dungeon Crawl Stone Soup version 0.25.1-2-g60ff931df9 (webtiles) character file.

Game seed: 16857486760077732671

608 ew1980 the Chopper (level 7, -4/91 HPs)
             Began as a Minotaur Berserker on Nov 13, 2020.
             Was a Priest of Trog.
             Slain by a wight
             ... wielding a cursed +1 battleaxe of electrocution
              (9 damage)
             ... on level 6 of the Dungeon.
             The game lasted 00:11:24 (4925 turns).

ew1980 the Chopper (Minotaur Berserker)             Turns: 4925, Time: 00:11:25

Health: -4/91      AC: 15    Str: 24    XL:     7   Next: 19%
Magic:  0/6        EV:  8    Int:  4    God:    Trog [***...]
Gold:   307        SH:  0    Dex:  9    Spells: 6/6 levels left

rFire    . . .     SeeInvis .   a - +0 hand axe
rCold    . . .     Gourm    .   (no shield)
rNeg     . . .     Faith    .   H - +1 plate armour
rPois    .         Spirit   +   t - +2 hat
rElec    .         Reflect  .   (no cloak)
rCorr    .         Harm     .   A - +0 pair of gloves
MR       .....                  (no boots)
Stlth    ..........             M - amulet of guardian spirit
HPRegen  0.25/turn              (no ring)
MPRegen  0.10/turn              (no ring)

@: berserking, lightly drained, very quick
A: retaliatory headbutt, horns 2
a: Berserk, Trog's Hand, Renounce Religion


You were on level 6 of the Dungeon.
You worshipped Trog.
Trog was most pleased with you.
You were hungry.

You visited 1 branch of the dungeon, and saw 6 of its levels.

You collected 307 gold pieces.

Inventory:

Hand Weapons
 a - a +0 hand axe (weapon)
 K - a +0 flail
Missiles
 i - 17 javelins
 n - 12 boomerangs
 v - 5 curare-tipped darts
 y - 4 throwing nets
 B - 14 poisoned darts (quivered)
Armour
 t - a +2 hat (worn)
 A - a +0 pair of gloves (worn)
 D - a +0 buckler
 H - a +1 plate armour (worn)
Jewellery
 l - an uncursed ring of flight {unknown}
 M - an amulet of guardian spirit (around neck)
Wands
 o - a wand of clouds (6)
 s - a wand of digging (3)
Scrolls
 b - a scroll of fear {unknown}
 d - 2 scrolls of amnesia {unknown}
 f - 2 scrolls of enchant armour
 h - 4 scrolls of identify
 k - 3 scrolls of fog
 m - 3 scrolls of teleportation
 u - a scroll of remove curse {unknown}
 w - a scroll of immolation
 F - a scroll of noise {unknown}
 G - a scroll of magic mapping {unknown}
Potions
 g - a potion of invisibility {unknown}
 j - 2 potions of flight {unknown}
 p - 3 potions of curing {unknown}
 q - a potion of mutation {unknown}
 r - a potion of might {unknown}
 x - a potion of berserk rage {unknown}
 z - a potion of stabbing {unknown}
 C - 2 potions of degeneration {unknown}
 E - 2 potions of heal wounds {unknown}
 I - 2 potions of haste {unknown}
 L - a potion of ambrosia
Comestibles
 c - 9 rations
 J - 8 chunks of flesh


   Skills:
 + Level 5.1(4.7) Fighting
 * Level 6.3(6.0) Axes
 + Level 2.6(2.3) Throwing
 + Level 4.3(3.9) Armour
 - Level 4.0(3.6) Dodging
 + Level 2.1(1.7) Shields


You had 6 spell levels left.
You didn't know any spells.
Your spell library was empty.

Dungeon Overview and Level Annotations

Branches:
Dungeon (6/15)
 Temple: D:4-7

Altars:
Elyvilon
Fedhas
Gozag
Hepliaklqana
Makhleb
Okawaru
Qazlal
Sif Muna
Xom

Shops:
D:5 [[


Innate Abilities, Weirdness & Mutations

You reflexively headbutt those who attack you in melee.
You have a pair of horns on your head.


Message History

You hit the wight but do no damage.
The wight is almost destroyed.
The wight barely misses you.
You hit the wight but do no damage.
The wight is almost destroyed.
You feel sick.
You are no longer poisoned.
You closely miss the wight. Your headbutt misses the wight.
The wight is almost destroyed.
The wight hits you with a cursed +1 battleaxe of electrocution.
You feel drained.
You are electrocuted!!
* * * LOW HITPOINT WARNING * * *
Okay, then.
A red film seems to cover your vision as you go berserk!
You feel yourself moving faster!
You feel mighty!
You are feeling hungry.
The wight hits you with a cursed +1 battleaxe of electrocution.
* * * LOW HITPOINT WARNING * * *
You are electrocuted!
You die...

##.## #.# ##.#.## #.#
#.###.##### # #)# .##
##....# #.##.#
#.###.###.# #....# #.#.##
#.# #)# ##.## #.# #.#
#...# #.#############.#
##.#.####.##....@zz.....#
...#...##.##.##########.#
.#####....##.####### #.#
...#...#............ ...
#..#.###.##......... ....
#........##(.#######
###.# #.#########..# .#
#.# #..# .# #.# #..#


You could see 2 wights.

Vanquished Creatures
  An ice beast (D:5)
  A scorpion (D:5)
  A wight (D:6)
  A crimson imp (D:5)
  A hound (D:4)
  An orc wizard (D:4)
  4 worker ants (D:6)
  A killer bee zombie (D:5)
  4 gnolls (D:6)
  6 adders
  An ooze (D:3)
  An adder zombie (D:6)
  A worm (D:2)
  12 dart slugs
  4 leopard geckos
  6 orcs
  5 ball pythons
  4 bats
  3 giant cockroaches
  9 goblins
  4 hobgoblins
  2 jackals (D:3)
  2 quokkas
  2 frilled lizards
  9 kobolds
  A leopard gecko zombie (D:5)
  7 rats
94 creatures vanquished.

Notes
Turn   | Place    | Note
-------+----------+-------------------------------------------
     0 | D:1      | ew1980 the Minotaur Berserker began the quest for the Orb.
     0 | D:1      | Reached XP level 1. HP: 19/19 MP: 0/0
   371 | D:1      | Reached XP level 2. HP: 27/27 MP: 1/1
   417 | D:1      | Reached skill level 4 in Axes
   692 | D:1      | Reached XP level 3. HP: 32/33 MP: 2/2
   924 | D:2      | Reached ** piety under Trog
  1330 | D:2      | Reached skill level 1 in Throwing
  1342 | D:2      | Found a shimmering altar of Xom.
  1343 | D:2      | Found a white marble altar of Elyvilon.
  1345 | D:2      | Found a shimmering blue altar of Sif Muna.
  1563 | D:3      | Reached XP level 4. HP: 40/40 MP: 3/3
  1821 | D:3      | Found an iron altar of Okawaru.
  2403 | D:4      | Found a stormy altar of Qazlal.
  2403 | D:4      | Noticed an earth elemental
  2407 | D:4      | Noticed a water elemental
  2407 | D:4      | Noticed a fire elemental
  2407 | D:4      | Noticed an air elemental
  2647 | D:4      | Reached skill level 5 in Axes
  2647 | D:4      | Reached XP level 5. HP: 44/46 MP: 4/4
  2677 | D:4      | Found an opulent altar of Gozag.
  2677 | D:4      | Found a blossoming altar of Fedhas.
  3064 | D:4      | Found a hazy altar of Hepliaklqana.
  3224 | D:5      | Entered Level 5 of the Dungeon
  3536 | D:5      | Reached XP level 6. HP: 32/53 MP: 5/5
  3715 | D:5      | Reached skill level 1 in Shields
  3830 | D:5      | Found a burning altar of Makhleb.
  3941 | D:5      | Noticed an ice beast
  3957 | D:5      | Killed an ice beast
  4272 | D:5      | Found Coffameulu's Armour Shoppe.
  4457 | D:5      | Found Moipn's Antique Armour Shoppe.
  4682 | D:6      | Reached skill level 6 in Axes
  4741 | D:6      | Reached *** piety under Trog
  4745 | D:6      | Reached XP level 7. HP: 55/60 MP: 6/6
  4857 | D:6      | Reached skill level 5 in Fighting
  4925 | D:6      | Slain by a wight

Illustrated notes

Levels and vault maps discovered:
D:1:      minmay_arrival_widening_spiral_wide, layout_basic
D:2:      layout_rooms, gammafunk_temple_overflow_forgotten
D:3:      layout_loops_corners, okawaru_metal_pillars_1_2, grunt_decor_arrowhead
D:4:      layout_basic, gammafunk_temple_overflow_wave,
          nicolae_qazlal_style_of_elements, kennysheep_little_box
D:5:      kennysheep_slugbush, layout_cave_pods, kennysheep_mini_moat,
          first_ration, serial_shops, nicolae_shop_waterfront, shop
D:6:      layout_loops_ring, minmay_temple_entry_offerings

Skill      XL: |  1  2  3  4  5  6  7 |
---------------+----------------------+-----
Axes           | 4 5 6 |  6.3
Fighting       | 4 5 |  5.1
Armour         | 3 4 |  4.3
Throwing       | 1 2 |  2.6
Dodging        | 3 4 |  4.0
Shields        | 1 2 |  2.1

Action                   |  1- 3 |  4- 6 |  7- 9 || total
-------------------------+-------+-------+-------++-------
Melee: Hand axe          |   112 |   147 |    35 ||   294
       Headbutt          |     9 |    31 |     6 ||    46
Throw: Dart              |       |     4 |       ||     4
Invok: Berserk           |       |       |     1 ||     1
  Use: Potion            |     1 |       |       ||     1
       Scroll            |       |     6 |       ||     6
  Eat: Chunk             |     2 |    10 |     1 ||    13
Armor: Animal skin       |     5 |       |       ||     5
       Ring mail         |     3 |       |       ||     3
       Scale mail        |    29 |    51 |       ||    80
       Plate armour      |       |    30 |    12 ||    42
Dodge: Dodged            |    68 |    85 |    16 ||   169
